Map: Torches LE

Players

krdsl - Winner!

  • Race: Protoss Protoss
  • League: Master
  • Spawn Location: 5:00

IIIIIIIIIIII

  • Race: Protoss Protoss
  • League: Platinum
  • Spawn Location: 1:00

VOD

Have the link to the VOD?

Description

Time

  • Played on: May 30, 2025, 11:05 a.m.
  • Length: 3:09
Show
View Real Time Build Order
Export as new Build Order

krdsl Protoss - Winner!

Build Orders:  

Get SALT Encoding   

  12  0:00  Probe  
  13  0:12  Probe  
  14  0:19  Pylon  
  14  0:24  Probe  
  15  0:37  Probe  
  15  0:40  Gateway  
  16  0:45  Probe  
  17  0:50  Assimilator  
  17  0:53  Probe  
  17  1:04  Probe  
  19  1:16  Probe  
  20  1:30  Cybernetics Core  
  20  1:35  Zealot  
  22  2:36  Zealot  
Show
View Real Time Build Order
Export as new Build Order

IIIIIIIIIIII Protoss 

Build Orders:  

Get SALT Encoding   

  12  0:01  Probe  
  13  0:14  Probe  
  13  0:16  Pylon  
  14  0:22  Probe  
  15  0:32  Probe  
  16  0:40  Forge  
  16  0:44  Probe  
  17  0:56  Probe  
  18  1:03  Pylon  
  18  1:27  Pylon  
  18  1:33  Pylon  
  18  1:39  Probe  
  19  1:42  Pylon  
  19  1:57  Photon Cannon  
  19  1:58  Photon Cannon  
  19  2:04  Pylon  
  19  2:09  Photon Cannon  
  19  2:10  Photon Cannon  
  19  2:13  Photon Cannon  
  19  2:23  Photon Cannon  
  19  2:33  Photon Cannon  
  18  2:43  Photon Cannon  
  18  2:58  Photon Cannon  
  18  3:00  Photon Cannon  
Tags
 
Matchup
PvP
Spawn Locations
Close Positions
Add a new tag
Caveats
  • Supply blocks, unpowered buildings, or Contaminate may cause inaccurate times.
  • Supply counts are checked every 10 seconds.